 Dungeon Crawl Stone Soup version 0.30-a0-591-g3c58d2bc28 (webtiles) character file.

Game seed: 2654058340780965557

555 billz999 the Skirmisher (level 7, -1/84 HPs)
             Began as a Gnoll Hunter on Jan 4, 2023.
             Was an Initiate of Gozag.
             Succumbed to a scorpion's poison
             ... on level 5 of the Dungeon.
             The game lasted 00:06:13 (3850 turns).

billz999 the Skirmisher (Gnoll Hunter)              Turns: 3850, Time: 00:06:14

Health: -1/84      AC: 23    Str: 12    XL:     7   Next: 30%
Magic:  10/10      EV:  2    Int:  8    God:    Gozag
Gold:   311        SH:  0    Dex: 16    Spells: 8/11 levels left

rFire   . . .      SeeInvis +    a - +0 shortbow
rCold   . . .      Faith    .    (shield currently unavailable)
rNeg    . . .      Spirit   .    (body armour currently unavailable)
rPois   +          Reflect  .    (helmet currently unavailable)
rElec   .          Harm     .    (cloak currently unavailable)
rCorr   .          Rampage  .    (gloves currently unavailable)
Will    .....      NoTele   +    (boots currently unavailable)
Stlth   ++                       (no amulet)
HPRegen 0.34/turn                j - ring of see invisible
MPRegen 0.12/turn                (no ring)

@: lethally poisoned (-1 -> -16), tree-form
A: stationary, stasis, torment immunity, boosted hp, (fangs 1), strong nose,
distributed training
a: Renounce Religion, Potion Petition, Call Merchant, Bribe Branch


You were on level 5 of the Dungeon.
You worshipped Gozag.
Gozag was aware of your devotion.
You were a tree.
You visited 2 branches of the dungeon, and saw 6 of its levels.

You collected 394 gold pieces.
You paid 83 gold pieces to Gozag.

Inventory:

Hand Weapons
 a - a +0 shortbow (weapon)
 f - a +2 short sword of electrocution
Armour
 c - a +0 leather armour
 l - a +0 leather armour of positive energy (melded)
 t - a +0 pair of gloves (melded)
 u - a +0 hat (melded)
Magical Staves
 k - a staff of cold
Jewellery
 i - a ring of ice
 j - a ring of see invisible (left branch)
 m - a +6 ring of dexterity
Wands
 d - a wand of charming (8)
 w - a wand of polymorph (6)
 x - a wand of flame (3)
Scrolls
 b - 2 scrolls of immolation
 g - a scroll of teleportation
 h - a scroll of fear
 o - 4 scrolls of identify
Potions
 e - a potion of degeneration
 n - a potion of lignification
 p - 2 potions of attraction {unknown}
 q - a potion of heal wounds {unknown}
 r - 2 potions of mutation {unknown}
 s - 2 potions of cancellation {unknown}
 v - 2 potions of magic {unknown}


   Skills:
 + Level 5.2 Fighting
 + Level 2.5 Short Blades
 + Level 2.5 Long Blades
 + Level 2.5 Axes
 + Level 2.5 Maces & Flails
 + Level 2.5 Polearms
 + Level 2.5 Staves
 + Level 8.9 Ranged Weapons
 + Level 2.5 Throwing
 + Level 2.5 Armour
 + Level 5.2 Dodging
 + Level 3.5 Stealth
 + Level 2.5 Shields
 + Level 2.5 Unarmed Combat
 + Level 2.5 Spellcasting
 + Level 2.0 Conjurations
 + Level 2.0 Hexes
 + Level 2.0 Summonings
 + Level 2.0 Necromancy
 + Level 2.0 Translocations
 + Level 2.0 Transmutations
 + Level 2.0 Fire Magic
 + Level 2.0 Ice Magic
 + Level 2.0 Air Magic
 + Level 2.0 Earth Magic
 + Level 2.0 Poison Magic
 + Level 2.8 Invocations
 + Level 2.5 Evocations


You had 8 spell levels left.
You knew the following spells:

 Your Spells              Type           Power      Damage    Failure   Level
a - Mephitic Cloud        Conj/Pois/Air  4%         N/A       41%         3

Your spell library contained the following spells:

 Spells                   Type           Power      Damage    Failure   Level
 Magic Dart               Conj           16%        1d3       14%         1
 Call Imp                 Summ           4%         N/A       22%         2
 Sublimation of Blood     Necr           4%         N/A       22%         2
 Anguish                  Hex/Necr       2%         N/A       82%         4
 Petrify                  Tmut/Erth      4%         N/A       82%         4
 Irradiate                Conj/Tmut      2%         3d12      99%         5
 Enfeeble                 Hex            2%         N/A       100%        7


Dungeon Overview and Level Annotations

Branches:
Dungeon (5/15)             Temple (1/1) D:4

Altars:
Dithmenos
Elyvilon
Gozag
Nemelex Xobeh
Okawaru
Qazlal
Ru
Trog
Uskayaw
Wu Jian
Yredelemnul
Zin
The Shining One


Innate Abilities, Weirdness & Mutations

You are a tree.
Your roots penetrate the ground, keeping you stationary.
You cannot be teleported.
You are immune to unholy pain and torment.
Your maximum health is greatly increased.
Your equipment is partially melded.
((You have very sharp teeth.))
Your uncanny sense of smell can sniff out nearby items.
Your experience applies equally to all skills.


Message History

You are too injured to fight recklessly!
You are too injured to fight recklessly!
You are too injured to fight recklessly!
Unknown command.
It was a potion of lignification.
You turn into a tree.
Your +0 hat melds into your body.
Your +0 pair of gloves melds into your body.
Your +0 leather armour of positive energy melds into your body.
You feel less protected from negative energy.
Your roots penetrate the ground.
* * * LOW HITPOINT WARNING * * *
You feel very sick.
The scorpion stings you but does no damage.
You shoot an arrow. The arrow barely misses the scorpion.
* * * LOW HITPOINT WARNING * * *
You feel very sick. The scorpion stings you.
* * * LOW HITPOINT WARNING * * *
You shoot an arrow. The arrow barely misses the scorpion.
* * * LOW HITPOINT WARNING * * *
You feel very sick.
The scorpion stings you but does no damage.
You shoot an arrow. The arrow hits the scorpion.
The scorpion is heavily wounded.
* * * LOW HITPOINT WARNING * * *
You feel very sick.
The scorpion stings you but does no damage.
The scorpion stings you.
* * * LOW HITPOINT WARNING * * *
You are more poisoned.
The scorpion poisons you!
You shoot an arrow. The arrow hits the scorpion.
The scorpion is severely wounded.
* * * LOW HITPOINT WARNING * * *
You feel very sick.
The scorpion stings you but does no damage.
You shoot an arrow. The arrow hits the scorpion.
The scorpion is almost dead.
You die...
Your body crumbles into a pile of gold.

#.### #
......###.#
#.....s♣..#
###########


You could see a scorpion.

Vanquished Creatures
  A black bear (D:4)
  2 ogres
  A phantom (D:4)
  An orc priest (D:4)
  An iguana (D:4)
  An orc wizard (D:4)
  Terence (D:2)
  3 adders
  An ufetubus (D:4)
  3 worms
  3 dart slugs
  6 orcs
  6 bats
  5 endoplasms
  3 giant cockroaches
  5 goblins
  6 hobgoblins
  11 kobolds
  4 quokkas
  6 ball pythons
  A frilled lizard (D:1)
  4 rats
75 creatures vanquished.

Notes
Turn   | Place    | Note
-------+----------+-------------------------------------------
     0 | D:1      | billz999 the Gnoll Hunter began the quest for the Orb.
     0 | D:1      | Reached XP level 1. HP: 20/20 MP: 1/1
    82 | D:1      | Found a faded altar of an unknown god.
   186 | D:1      | Reached XP level 2. HP: 26/26 MP: 2/2
   611 | D:1      | Found a stormy altar of Qazlal.
   661 | D:2      | Reached XP level 3. HP: 11/31 MP: 2/4
   791 | D:2      | Reached skill level 1 in Invocations
   992 | D:2      | Noticed Terence
   999 | D:2      | Killed Terence
  1000 | D:2      | Reached skill level 1 in Short Blades
  1000 | D:2      | Reached skill level 1 in Long Blades
  1000 | D:2      | Reached skill level 1 in Axes
  1000 | D:2      | Reached skill level 1 in Maces & Flails
  1000 | D:2      | Reached skill level 1 in Polearms
  1000 | D:2      | Reached skill level 1 in Staves
  1000 | D:2      | Reached skill level 1 in Throwing
  1000 | D:2      | Reached skill level 1 in Armour
  1000 | D:2      | Reached skill level 1 in Shields
  1000 | D:2      | Reached skill level 1 in Unarmed Combat
  1000 | D:2      | Reached skill level 1 in Spellcasting
  1000 | D:2      | Reached skill level 1 in Evocations
  1000 | D:2      | Reached XP level 4. HP: 38/38 MP: 5/5
  1716 | D:3      | Reached skill level 1 in Conjurations
  1716 | D:3      | Reached skill level 1 in Hexes
  1716 | D:3      | Reached skill level 1 in Summonings
  1716 | D:3      | Reached skill level 1 in Necromancy
  1716 | D:3      | Reached skill level 1 in Translocations
  1716 | D:3      | Reached skill level 1 in Transmutations
  1716 | D:3      | Reached skill level 1 in Fire Magic
  1716 | D:3      | Reached skill level 1 in Ice Magic
  1716 | D:3      | Reached skill level 1 in Air Magic
  1716 | D:3      | Reached skill level 1 in Earth Magic
  1716 | D:3      | Reached skill level 1 in Poison Magic
  1991 | D:3      | Noticed an ogre
  2000 | D:3      | Killed an ogre
  2001 | D:3      | Reached XP level 5. HP: 38/43 MP: 5/7
  2047 | D:3      | Learned a level 3 spell: Mephitic Cloud
  2366 | D:4      | Reached XP level 6. HP: 50/50 MP: 8/8
  2405 | D:4      | Found a staircase to the Ecumenical Temple.
  2416 | Temple   | Entered the Ecumenical Temple
  2835 | Temple   | Became a worshipper of Gozag Ym Sagoz the Greedy
  2900 | D:4      | Reached skill level 5 in Fighting
  2900 | D:4      | Reached skill level 5 in Dodging
  3333 | D:4      | Noticed a black bear
  3340 | D:4      | Killed a black bear
  3341 | D:4      | Reached XP level 7. HP: 56/56 MP: 10/10
  3835 | D:5      | Entered Level 5 of the Dungeon
  3849 | D:5      | HP: 2/84 [poisoned by a scorpion]
  3850 | D:5      | Succumbed to a scorpion's poison

Illustrated notes

Levels and vault maps discovered:
D:1:      sevenhm_arrival_forest_fort_small_6, layout_basic,
          shapermc_ecumenical_altar_notcrosses
D:2:      layout_basic, uniq_terence
D:3:      layout_loops_ring, reono_crystal_passage
D:4:      layout_loops_ring, minmay_temple_entry_water_ring,
          kennysheep_small_spiral, chequers_serial_rivers_micro_a
D:5:      layout_loops_corners, serial_bayou_pond_a, uniq_edmund,
          uniq_prince_ribbit1
Temple:   nicolae_temple_bog_church

Skill      XL: |  1  2  3  4  5  6 |
---------------+-------------------+-----
Invocations    | 1 2 |  2.8
Short Blades   | 1 2 |  2.5
Long Blades    | 1 2 |  2.5
Axes           | 1 2 |  2.5
Maces & Flails | 1 2 |  2.5
Polearms       | 1 2 |  2.5
Staves         | 1 2 |  2.5
Throwing       | 1 2 |  2.5
Armour         | 1 2 |  2.5
Shields        | 1 2 |  2.5
Unarmed Combat | 1 2 |  2.5
Spellcasting   | 1 2 |  2.5
Evocations     | 1 2 |  2.5
Conjurations   | 1 2 |  2.0
Hexes          | 1 2 |  2.0
Summonings     | 1 2 |  2.0
Necromancy     | 1 2 |  2.0
Translocations | 1 2 |  2.0
Transmutations | 1 2 |  2.0
Fire Magic     | 1 2 |  2.0
Ice Magic      | 1 2 |  2.0
Air Magic      | 1 2 |  2.0
Earth Magic    | 1 2 |  2.0
Poison Magic   | 1 2 |  2.0
Stealth        | 3 |  3.5
Fighting       | 5 |  5.2
Dodging        | 5 |  5.2
Ranged Weapons | |  8.9

Action                   |  1- 3 |  4- 6 |  7- 9 || total
-------------------------+-------+-------+-------++-------
Melee: Short sword       |    14 |       |       ||    14
       Bite              |     1 |       |       ||     1
 Fire: Shortbow          |    53 |   135 |    47 ||   235
  Use: Scroll            |     2 |     7 |       ||     9
       Potion            |     1 |       |     1 ||     2
Armor: Leather armour    |     5 |     7 |     3 ||    15
       Skin              |       |       |     4 ||     4
Dodge: Dodged            |    10 |    27 |     8 ||    45

Table legend: (Time is in decaauts)
 A = Elapsed time spent in this place.
 B = Non-inter-level travel time spent in this place.
 C = Inter-level travel time spent in this place.
 D = Time resting spent in this place.
 E = Time spent auto-exploring this place.
 F = Levels seen in this place.
 G = Mean time per level.
                   A        B        C        D        E       F      G
               +--------+--------+--------+--------+--------+-----+--------+
         Total |   3882 |   3676 |    206 |    237 |   2967 |   6 |  647.0 |
       Dungeon |   3442 |   3274 |    168 |      6 |   2812 |   5 |  688.4 |
        Temple |    440 |    403 |     37 |    231 |    155 |   1 |  440.0 |
               +--------+--------+--------+--------+--------+-----+--------+

Top non-repeatable levels by time:
     D:4: 1059 daAuts
     D:2: 1024 daAuts
     D:3: 702 daAuts
     D:1: 640 daAuts
  Temple: 440 daAuts
     D:5: 16 daAuts
